 Dungeon Crawl Stone Soup version 0.23.0 (webtiles) character file.

Game seed: 1262646037445233003

641 Infinimo the Slasher (level 7, -3/61 HPs)
             Began as a Minotaur Berserker on Feb 13, 2019.
             Was a Believer of Trog.
             Slain by an ogre
             ... wielding a +0 giant spiked club
              (15 damage)
             ... on level 4 of the Dungeon.
             The game lasted 00:02:33 (2745 turns).

Infinimo the Slasher (Minotaur Berserker)           Turns: 2745, Time: 00:02:34

Health: -3/61      AC:  6    Str: 22    XL:     7   Next: 26%
Magic:  6/6        EV: 12    Int:  5    God:    Trog [**....]
Gold:   108        SH:  0    Dex: 10    Spells: 6/6 levels left

rFire    . . .     SeeInvis .   a - +1 falchion
rCold    . . .     Gourm    .   (no shield)
rNeg     . . .     Faith    .   n - +0 ring mail {MR+}
rPois    .         Spirit   .   (helmet restricted)
rElec    .         Reflect  .   m - scarf {cloud immunity}
rCorr    .         Harm     .   (no gloves)
MR       +....                  (no boots)
Stlth    ..........             (no amulet)
HPRegen  0.20/turn              (no ring)
MPRegen  0.10/turn              (no ring)

@: no status effects
A: retaliatory headbutt, horns 2
a: Berserk, Trog's Hand, Renounce Religion


You were on level 4 of the Dungeon.
You worshipped Trog.
Trog was pleased with you.
You were hungry.

You visited 1 branch of the dungeon, and saw 4 of its levels.

You collected 108 gold pieces.

Inventory:

Hand Weapons
 a - a +1 falchion (weapon)
Armour
 m - a scarf of cloud immunity (worn)
 n - a +0 ring mail of magic resistance (worn)
Scrolls
 b - 2 scrolls of identify
 g - 3 scrolls of remove curse
Potions
 d - a potion of might
 e - 4 potions of flight
 h - a potion of degeneration {unknown}
 i - a potion of heal wounds {unknown}
 j - 2 potions of resistance {unknown}
 k - a potion of curing {unknown}
Comestibles
 c - 8 rations


   Skills:
 + Level 5.5 Fighting
 * Level 7.1 Long Blades
 + Level 4.7 Armour
 + Level 4.3 Dodging


You had 6 spell levels left.
You didn't know any spells.
Your spell library was empty.

Dungeon Overview and Level Annotations

Branches:
Dungeon (4/15)
 Temple: D:4-7

Altars:
Cheibriados
Fedhas


Innate Abilities, Weirdness & Mutations

You reflexively headbutt those who attack you in melee.
You have a pair of horns on your head.


Message History

You headbutt the ogre!
The ogre is heavily wounded.
The ogre hits you with a +0 giant spiked club!
The ogre is severely wounded.
The ogre is almost dead.
The ogre hits you with a +0 giant spiked club.
The ogre is almost dead.
You recover from your berserk rage.
You feel sick.
You are no longer poisoned.
The ogre hits you with a +0 giant spiked club!!
* * * LOW HITPOINT WARNING * * *
You are too injured to fight recklessly!
You are too injured to fight recklessly!
Things that are here:
a +0 club; a +0 leather armour; a gnoll corpse You see here a frilled lizard skeleton.
There is a stone staircase leading up here.
The ogre hits you with a +0 giant spiked club!
You die...

. #.....#
..#####.....####
...............#
............#
#..÷)).#
#.##)##.# ##.##<#
##..h#†# #[...O@#
..........?.....#
#.##.....###..#.#
# ##...## .#
#..## # .....
##+++


You could see an ogre and a jackal.

Vanquished Creatures
  An oklob plant (D:3)
  A gnoll shaman (D:4)
  A centaur skeleton (D:4)
  An orc wizard (D:4)
  A bullfrog skeleton (D:4)
  5 gnolls (D:4)
  3 adders
  An ooze (D:1)
  2 dart slugs
  2 leopard geckos
  4 bats (D:1)
  3 giant cockroaches
  7 goblins
  4 hobgoblins
  6 jackals
  4 frilled lizards
  3 kobolds
  11 rats
  A fungus (D:3)
61 creatures vanquished.

Notes
Turn   | Place    | Note
-------+----------+-------------------------------------------
     0 | D:1      | Infinimo the Minotaur Berserker began the quest for the
                  | Orb.
     0 | D:1      | Reached XP level 1. HP: 19/19 MP: 0/0
   368 | D:1      | Reached XP level 2. HP: 23/27 MP: 1/1
   384 | D:1      | Reached skill level 4 in Long Blades
   816 | D:2      | Reached XP level 3. HP: 25/33 MP: 2/2
   891 | D:2      | Found a snail-covered altar of Cheibriados.
  1922 | D:3      | Reached ** piety under Trog
  2099 | D:3      | Reached XP level 4. HP: 35/40 MP: 3/3
  2378 | D:3      | Found a blossoming altar of Fedhas.
  2390 | D:3      | Noticed an oklob plant
  2439 | D:3      | Killed an oklob plant
  2439 | D:3      | Reached skill level 5 in Fighting
  2439 | D:3      | Reached skill level 6 in Long Blades
  2439 | D:3      | Reached XP level 5. HP: 35/48 MP: 4/4
  2439 | D:3      | Reached XP level 6. HP: 41/56 MP: 5/5
  2681 | D:4      | Reached XP level 7. HP: 61/61 MP: 6/6
  2705 | D:4      | Reached skill level 7 in Long Blades
  2745 | D:4      | Slain by an ogre

Skill      XL: |  1  2  3  4  5  6  7 |
---------------+----------------------+-----
Long Blades    | 4 6 7 |  7.1
Fighting       | 4 5 |  5.5
Armour         | 3 4 |  4.7
Dodging        | 4 |  4.3

Action                   |  1- 3 |  4- 6 |  7- 9 || total
-------------------------+-------+-------+-------++-------
Melee: Falchion          |    90 |    28 |    30 ||   148
       Headbutt          |     9 |     9 |     8 ||    26
Invok: Berserk           |       |     2 |       ||     2
  Use: Scroll            |     6 |       |       ||     6
  Eat: Chunk             |     4 |     2 |     1 ||     7
Armor: Animal skin       |    11 |       |       ||    11
       Ring mail         |    19 |     7 |    10 ||    36
Dodge: Dodged            |    62 |     8 |    20 ||    90
       Rpst.: Falchion   |    18 |     1 |     7 ||    26
